 Dungeon Crawl Stone Soup version 0.32-a0-981-g384da2ce10 (webtiles) character file.

Game seed: 7312459890200469918

3571 protoss039 the Trooper (level 9, -7/72 HPs)
             Began as a Demonspawn Earth Elementalist on Apr 20, 2024.
             Was a Believer of Vehumet.
             Mangled by a two-headed ogre
             ... wielding a +0 giant club
              (17 damage)
             ... on level 6 of the Dungeon.
             The game lasted 00:14:52 (5397 turns).

protoss039 the Trooper (DsEE)                       Turns: 5397, Time: 00:14:53

Health: -7/72      AC: 15    Str:  8    XL:     9   Next: 84%
Magic:  10/19      EV: 12    Int: 26    God:    Vehumet [**....]
Gold:   364        SH:  0    Dex: 14    Spells: 11/22 levels left

rFire   . . .        c - +4 trident (venom)
rCold   . . .        (no shield)
rNeg    . . .        a - +0 robe
rPois   .            (helmet restricted)
rElec   .            r - scarf {repulsion}
rCorr   .            (no gloves)
SInv    .            (no boots)
Will    .....        E - amulet of magic regeneration
Stlth   ++           p - +4 ring of protection
HPRegen 0.32/turn    l - +6 ring of intelligence
MPRegen 0.72/turn

%: repel missiles
@: lethally poisoned (-7 -> -30), sanguine armoured
A: antennae 2, magic regeneration, sanguine armour 2
a: Renounce Religion


You were on level 6 of the Dungeon.
You worshipped Vehumet.
Vehumet was pleased with you.
You visited 2 branches of the dungeon, and saw 7 of its levels.

You collected 364 gold pieces.

Inventory:

Hand Weapons
 c - a +4 trident of venom (weapon)
 s - a +0 dagger of draining
Missiles
 w - 3 throwing nets
Armour
 a - a +0 robe (worn)
 r - a scarf of repulsion (worn)
Magical Staves
 D - a staff of earth
Jewellery
 g - a ring of wizardry
 l - a +6 ring of intelligence (right hand)
 p - a +4 ring of protection (left hand)
 v - a ring of fire
 y - a ring of magical power
 E - an amulet of magic regeneration (around neck)
Wands
 t - a wand of acid (6)
 z - a wand of mindburst (11)
 C - a wand of flame (23)
Scrolls
 d - a scroll of identify
 e - 2 scrolls of fear {unknown}
 h - 5 scrolls of enchant weapon
 k - 2 scrolls of poison {unknown}
 n - 2 scrolls of blinking {unknown}
 u - a scroll of silence {unknown}
 G - 2 scrolls of brand weapon {unknown}
Potions
 b - 3 potions of magic
 f - 2 potions of brilliance
 i - 2 potions of lignification {unknown}
 j - 3 potions of might {unknown}
 m - 4 potions of enlightenment {unknown}
 o - a potion of degeneration {unknown}
 x - a potion of berserk rage {unknown}
 A - a potion of attraction {unknown}
 B - 5 potions of mutation {unknown}
 F - a potion of ambrosia {unknown}


   Skills:
 + Level 7.1 Fighting
 - Level 3.0 Dodging
 - Level 3.0 Stealth
 + Level 7.0 Spellcasting
 - Level 6.0 Conjurations
 - Level 6.0 Earth Magic
 - Level 3.0 Evocations


You had 11 spell levels left.
You knew the following spells:

 Your Spells              Type           Power      Damage    Failure   Level
a - Sandblast             Erth           80%        2d17      1%          1
b - Passwall              Erth           40%        N/A       1%          3
c - Stone Arrow           Conj/Erth      80%        3d12      1%          3
d - Brom's Barrelling Bo  Conj/Erth      40%        2d6       5%          4

Your spell library contained the following spells:

 Spells                   Type           Power      Damage    Failure   Level
 Foxfire                  Conj/Fire      96%        2x1d8     1%          1
 Magic Dart               Conj           100%       1d8       1%          1
 Blink                    Tloc           18%        N/A       10%         2
 Call Imp                 Summ           18%        N/A       10%         2
 Teleport Other           Tloc           9%         N/A       19%         3
 Petrify                  Alch/Erth      24%        N/A       19%         4
 Dispersal                Tloc           4%         N/A       100%        6
 Gell's Gavotte           Tloc           4%         2d(13-19) 100%        6


Dungeon Overview and Level Annotations

Branches:
Dungeon (6/15) Zot: 26496  Temple (1/1) D:4 Zot: 5957

Altars:
Ashenzari
Cheibriados
Dithmenos
Fedhas
Gozag
Hepliaklqana
Kikubaaqudgha
Nemelex Xobeh
Okawaru
Qazlal
Ru
Trog
Vehumet
Wu Jian
Xom
Yredelemnul


Innate Abilities, Weirdness & Mutations

You have a pair of antennae on your head.
You regenerate magic rapidly.
When seriously injured, your blood forms thick armour. (AC +9)


Message History

The two-headed ogre is heavily wounded.
You feel very sick. The water moccasin bites you.
You are more poisoned.
The water moccasin poisons you! The water moccasin misses you.
Unknown command.
Casting: Stone Arrow (safe; 1% risk of failure)
Confirm with . or Enter, or press ? or * to list all spells.
Aiming: Stone Arrow (safe; 1% risk of failure)
Press: ? - help, Shift-Dir - straight line The stone arrow misses the two-headed ogre.
Your blood congeals into armour.
You feel extremely sick. The water moccasin bites you.
You are more poisoned.
The water moccasin poisons you!
The two-headed ogre hits you with a +0 giant club!
The two-headed ogre hits you with a +0 giant spiked club!
Casting: Stone Arrow (safe; 1% risk of failure)
Confirm with . or Enter, or press ? or * to list all spells.
Aiming: Stone Arrow (safe; 1% risk of failure)
Press: ? - help, Shift-Dir - straight line, f - two-headed ogre
Aim: a two-headed ogre, wielding a +0 giant club and a +0 giant spiked club (heavily wounded, 89% to hit)
The stone arrow misses the two-headed ogre.
* * * LOW HITPOINT WARNING * * *
You feel extremely sick. The water moccasin misses you.
Unknown command.
Casting: Stone Arrow (safe; 1% risk of failure)
Confirm with . or Enter, or press ? or * to list all spells.
Aiming: Stone Arrow (safe; 1% risk of failure)
Press: ? - help, Shift-Dir - straight line, f/p - two-headed ogre
Aim: a two-headed ogre, wielding a +0 giant club and a +0 giant spiked club (heavily wounded, 89% to hit)
The stone arrow hits the two-headed ogre!
The two-headed ogre is severely wounded.
* * * LOW HITPOINT WARNING * * *
You feel extremely sick. The water moccasin closely misses you.
The two-headed ogre hits you with a +0 giant club!
You die...

#..#{ {#.......# #....# #.##
#J#######.#.##)###.##.# #.##
##O#.....#..........##.# #.#.
#..#.....'...####.####.###)#.
#O#########..# #.# #†##.#..
#.#......!#..# #.# #.#.###.
#.'O.....?#..####.## #..## #.
#.#......[#..#.....# #.#<###.
#.#########O@......# #.##.#..
#.. {{{ +.S.).....# #.###.##
##. { {{#.##......###.###.# .
#O #......##...##.# .. { ..
#.#######.#.<..# #.. #.#
#...#...#### ... .#.
#_..'..## ..####.#
#...#..###### .# #[
#####).......


You could see a two-headed ogre, a water moccasin and an ogre.

Vanquished Creatures
  A two-headed ogre (D:6)
  Grinder (D:4)
  Sigmund (D:3)
  A steam dragon (D:6)
  Menkaure (D:5)
  Edmund (D:5)
  3 ice beasts
  A phantom (D:6)
  5 scorpions
  5 gnoll sergeants (D:5)
  3 wights (D:6)
  4 crimson imps (D:4)
  4 jellies
  3 gnoll boudas
  8 hounds
  2 orc priests
  A sleepcap (D:6)
  Ijyb (D:5)
  4 iguanas
  19 gnolls
  8 adders
  A shadow imp (D:4)
  2 white imps
  2 dart slugs
  14 orcs
  9 ball pythons
  8 endoplasms
  3 giant cockroaches
  2 goblins (D:2)
  3 hobgoblins
  5 jackals
  5 kobolds
  3 quokkas
  8 bats
  5 frilled lizards
  5 rats
152 creatures vanquished.

Notes
Turn   | Place    | Note
-------+----------+-------------------------------------------
     0 | D:1      | protoss039 the Demonspawn Earth Elementalist began the
                  | quest for the Orb.
     0 | D:1      | Reached XP level 1. HP: 13/13 MP: 3/3
   287 | D:1      | Gained mutation: You regenerate magic rapidly. [demonic
                  | ancestry]
   287 | D:1      | Reached XP level 2. HP: 20/20 MP: 0/5
   348 | D:1      | Reached skill level 1 in Fighting
   893 | D:2      | Reached XP level 3. HP: 26/26 MP: 2/6
  1136 | D:2      | Found a bloodstained altar of Trog.
  1478 | D:2      | Found a faded altar of an unknown god.
  1526 | D:2      | Learned a level 3 spell: Passwall
  1545 | D:3      | Gained mutation: When seriously injured, your blood forms
                  | armour. (AC +9) [demonic ancestry]
  1545 | D:3      | Reached XP level 4. HP: 33/33 MP: 5/8
  1663 | D:3      | Noticed Sigmund
  1670 | D:3      | Killed Sigmund
  1671 | D:3      | Gained mutation: You have a pair of small antennae on your
                  | head. [demonic ancestry]
  1671 | D:3      | Reached XP level 5. HP: 33/41 MP: 3/10
  1978 | D:4      | Noticed Grinder
  1998 | D:4      | Gained mutation: You have a pair of antennae on your head.
                  | [demonic ancestry]
  1998 | D:4      | Reached XP level 6. HP: 47/47 MP: 8/11
  2081 | D:4      | Found a staircase to the Ecumenical Temple.
  2092 | Temple   | Entered the Ecumenical Temple
  2115 | Temple   | Became a worshipper of Vehumet
  2140 | D:4      | Learned a level 3 spell: Stone Arrow
  2704 | D:4      | Found an opulent altar of Gozag.
  2734 | D:4      | Found a shimmering altar of Xom.
  2740 | D:4      | Reached XP level 7. HP: 51/53 MP: 9/13
  2936 | D:4      | Killed Grinder
  3079 | D:5      | Entered Level 5 of the Dungeon
  3121 | D:5      | Noticed Edmund
  3167 | D:5      | Reached XP level 8. HP: 30/61 MP: 4/14
  3194 | D:5      | Noticed Menkaure
  3389 | D:4      | Reached skill level 5 in Earth Magic
  3583 | D:5      | Reached * piety under Vehumet
  3583 | D:5      | Offered knowledge of Kiss of Death by Vehumet.
  3776 | D:5      | Reached skill level 5 in Fighting
  3828 | D:5      | Killed Menkaure
  3829 | D:5      | Reached skill level 5 in Spellcasting
  3975 | D:5      | Killed Edmund
  4557 | D:5      | Noticed Ijyb
  4596 | D:5      | Gained mutation: When seriously injured, your blood forms
                  | thick armour. (AC +9) [demonic ancestry]
  4596 | D:5      | Reached XP level 9. HP: 69/69 MP: 8/17
  4756 | D:5      | Killed Ijyb
  4899 | D:5      | Learned a level 4 spell: Brom's Barrelling Boulder
  5009 | D:6      | Offered knowledge of Foxfire by Vehumet.
  5010 | D:6      | Reached skill level 1 in Evocations
  5012 | D:6      | Reached ** piety under Vehumet
  5013 | D:6      | Reached skill level 5 in Conjurations
  5258 | D:6      | Noticed a two-headed ogre
  5259 | D:6      | Noticed a two-headed ogre
  5335 | D:6      | Found a shadowy altar of Dithmenos.
  5378 | D:6      | Killed a two-headed ogre
  5397 | D:6      | Mangled by a two-headed ogre

Illustrated notes

Levels and vault maps discovered:
D:1:      mushboom_english_gardens, layout_basic, hex_large
D:2:      minmay_door_path, layout_rooms, dilly_ecumenical_altar_fadedgnrine,
          basic_altar
D:3:      layout_rooms, uniq_sigmund
D:4:      layout_loops_ring, grunt_temple_overflow_gold_and_silver,
          led_xom_imps, minmay_temple_entry_waves, uniq_grinder
D:5:      layout_cave_pools, serial_gnoll_camp, gnoll_camp_mini_basic,
          gnoll_camp_mini_house, gnoll_camp_medium_01, gnoll_camp_mini_hut,
          gnoll_camp_mini_house, gnoll_camp_mini_basic, uniq_edmund, uniq_ijyb,
          uniq_menkaure
D:6:      layout_loops_ring, elyvilon_altar_5, grunt_dithmenos_shadows,
          gammafunk_ghost_cemetery, minmay_divided_ellipse
Temple:   nicolae_temple_superstar

Skill      XL: |  1  2  3  4  5  6  7  8  9 |
---------------+----------------------------+-----
Fighting       | 1 2 3 4 5 7 |  7.1
Earth Magic    | 3 4 6 |  6.0
Spellcasting   | 3 4 5 7 |  7.0
Stealth        | 2 3 |  3.0
Dodging        | 2 3 |  3.0
Conjurations   | 2 4 6 |  6.0
Evocations     | 3 |  3.0

Action                     |  1- 3 |  4- 6 |  7- 9 || total
---------------------------+-------+-------+-------++-------
  Melee: Short sword       |    22 |       |       ||    22
         Spear             |       |     8 |    10 ||    18
         Trident           |       |       |    21 ||    21
         Dagger            |       |       |     1 ||     1
   Cast: Sandblast         |    49 |    59 |    69 ||   177
         Stone Arrow       |       |       |    83 ||    83
  Evoke: Wand              |       |       |     4 ||     4
    Use: Scroll            |       |     3 |     3 ||     6
   Stab: Sleeping          |     2 |       |     2 ||     4
 Armour: Robe              |    26 |    30 |    85 ||   141
  Dodge: Dodged            |    28 |    23 |    81 ||   132
         Repelled          |       |       |     3 ||     3

Table legend: (Time is in decaauts)
 A = Elapsed time spent in this place.
 B = Non-inter-level travel time spent in this place.
 C = Inter-level travel time spent in this place.
 D = Time resting spent in this place.
 E = Time spent auto-exploring this place.
 F = Levels seen in this place.
 G = Mean time per level.
                   A        B        C        D        E       F      G
               +--------+--------+--------+--------+--------+-----+--------+
         Total |   5498 |   5183 |    315 |    769 |   3171 |   7 |  785.4 |
       Dungeon |   5455 |   5180 |    275 |    769 |   3171 |   6 |  909.2 |
        Temple |     42 |      2 |     40 |      0 |      0 |   1 |   42.0 |
               +--------+--------+--------+--------+--------+-----+--------+

Top non-repeatable levels by time:
     D:4: 1663 daAuts
     D:5: 1265 daAuts
     D:1: 914 daAuts
     D:2: 638 daAuts
     D:6: 502 daAuts
     D:3: 471 daAuts
  Temple: 42 daAuts
